 Seeded DCSS version 0.30-a0-743-gbfdf073431 (webtiles) character file.

Game seed: 5430720872467839093 (custom seed)

373 hbarley the Chopper (level 6, -1/53 HPs)
             Began as a Hill Orc Fighter on Feb 7, 2023.
             Killed by divine providence
             ... invoked by an orc priest
              (13 damage)
             ... on level 4 of the Dungeon.
             The game lasted 00:08:24 (2800 turns).

hbarley the Chopper (Hill Orc Fighter)              Turns: 2800, Time: 00:08:25

Health: -1/53      AC: 17    Str: 25    XL:     6   Next: 72%
Magic:  0/6        EV:  8    Int:  8    God:
Gold:   108        SH:  7    Dex: 14    Spells: 5/5 levels left

rFire   . . .      SeeInvis .    u - +0 broad axe (distort)
rCold   . . .      Faith    .    t - +2 buckler {rPois}
rNeg    . . .      Spirit   +    v - +8 chain mail of Wu Jian's Whim {Stlth+}
rPois   +          Reflect  .    (no helmet)
rElec   .          Harm     .    (no cloak)
rCorr   .          Rampage  .    (no gloves)
Will    .....                    (no boots) Stlth
                                 o - amulet of the Toothy God {Spirit Dex+2}
HPRegen 0.28/turn                m - +6 ring of strength
MPRegen 0.10/turn                (no ring)

@: no status effects
A: no striking features
a: Convert to Beogh


You were on level 4 of the Dungeon.
You visited 1 branch of the dungeon, and saw 4 of its levels.

You collected 164 gold pieces.
You spent 56 gold pieces at shops.

Inventory:

Hand Weapons
 a - a +0 war axe
 u - a +0 broad axe of distortion (weapon)
Missiles
 y - a throwing net
 D - 5 poisoned darts (quivered)
Armour
 b - a +0 scale mail
 c - a +0 buckler
 t - a +2 buckler of poison resistance (worn)
 v - the +8 chain mail of Wu Jian's Whim (worn) {Stlth+}
   (You acquired it on level 2 of the Dungeon)

   Stlth:     It makes you more stealthy.
Jewellery
 m - a +6 ring of strength (left hand)
 o - the amulet of the Toothy God (around neck) {Spirit Dex+2}
   (You acquired it on level 2 of the Dungeon)

   [amulet of guardian spirit]

   It causes incoming damage to be divided between your reserves of health and
   magic.
   Dex:       It affects your dexterity (+2).
 r - a ring of protection from cold
Wands
 x - a wand of mindburst (13)
 F - a wand of roots (5)
Scrolls
 f - 2 scrolls of teleportation {unknown}
 h - 3 scrolls of amnesia {unknown}
 j - 2 scrolls of noise {unknown}
 k - a scroll of torment {unknown}
 l - 5 scrolls of identify
 n - a scroll of brand weapon {unknown}
 p - a scroll of fog {unknown}
 q - a scroll of immolation {unknown}
 s - 2 scrolls of enchant armour {unknown}
 B - a scroll of silence {unknown}
 E - a scroll of poison {unknown}
Potions
 d - a potion of might
 e - a potion of mutation {unknown}
 g - 2 potions of attraction {unknown}
 i - 3 potions of curing {unknown}
 w - 2 potions of lignification {unknown}
 z - a potion of ambrosia {unknown}
 A - a potion of degeneration {unknown}
 C - 2 potions of berserk rage {unknown}


   Skills:
 + Level 4.6 Fighting
 + Level 7.0 Axes
 + Level 4.5 Armour
 + Level 0.7 Dodging
 + Level 0.1 Stealth
 + Level 3.8 Shields


You had 5 spell levels left.
You didn't know any spells.
Your spell library was empty.

Dungeon Overview and Level Annotations

Branches:
Dungeon (4/15)
 Temple: D:4-7

Altars:
Okawaru

Shops:
D:2 ?


Message History

The orc priest threatens, "By the altar or by the axe, you will meet Beogh!"
The orc priest hits you but does no damage.
You completely miss the orc priest. You slash the orc!
You kill the orc!
The orc priest hits you but does no damage.
You closely miss the orc priest.
The orc priest hits you but does no damage.
The orc priest shouts, "Join the one true god or die!"
The orc priest hits you but does no damage.
You barely miss the orc priest.
The orc priest shouts, "Join the one true god or die!"
The orc priest hits you but does no damage.
You hit the orc priest.
The orc priest is moderately wounded.
The orc priest blinks!
The orc priest calls down the wrath of Beogh upon you.
Beogh smites you!
Things that are here:
a +0 dagger; a +1 robe of willpower The orc priest calls down the wrath of Beogh upon you.
Pain shoots through your body!
The orc priest invokes the aid of Beogh against you.
Pain shoots through your body!
You slash the orc priest!
The orc priest shouts, "Beogh is our master!
Accept the truth or die!"
The orc priest is almost dead.
The orc priest blinks!
The orc priest invokes the aid of Beogh against you.
Beogh smites you!
The orc priest calls down the wrath of Beogh upon you.
Beogh smites you!
* * * LOW HITPOINT WARNING * * *
You barely miss the orc priest.
The orc priest is almost dead.
The orc priest shouts, "Surrender to Beogh and we'll let you live!"
The orc priest hits you with a +0 whip.
* * * LOW HITPOINT WARNING * * *
The orc priest calls down the wrath of Beogh upon you.
Beogh smites you!
You die...

#... ### #... #
#... #... #...###
#.....# #.....#
####..####.###
#..@...<... .# #
#...o..#####.# #
#.#.#........# #
#)#.#......... #
####)#.#.........
#
#...)..#.........
#
#......#.........
#
#......#.†.......
.
#......##...#####
.


You could see an orc priest.

Vanquished Creatures
  A necrophage (D:2)
  An orc priest (D:3)
  An iguana (D:4)
  3 orc wizards
  9 gnolls
  2 adders
  2 worms (D:4)
  5 orcs
  3 bats
  6 endoplasms
  3 giant cockroaches
  4 hobgoblins
  7 jackals
  6 kobolds
  5 quokkas
  7 ball pythons
  2 frilled lizards
  4 goblins
  3 rats
74 creatures vanquished.

Notes
Turn   | Place    | Note
-------+----------+-------------------------------------------
     0 | D:1      | hbarley the Hill Orc Fighter began the quest for the Orb.
     0 | D:1      | Reached XP level 1. HP: 19/19 MP: 1/1
    83 | D:1      | Reached XP level 2. HP: 25/27 MP: 2/2
   110 | D:1      | Reached skill level 3 in Axes
   795 | D:1      | Reached XP level 3. HP: 31/33 MP: 3/3
  1148 | D:2      | Reached skill level 4 in Axes
  1149 | D:2      | Reached XP level 4. HP: 16/40 MP: 4/4
  1421 | D:2      | Noticed a necrophage
  1427 | D:2      | Killed a necrophage
  1428 | D:2      | Reached skill level 5 in Axes
  1428 | D:2      | Reached XP level 5. HP: 40/46 MP: 5/5
  1651 | D:2      | Found Doddoiw's Magic Scroll Shoppe.
  1656 | D:2      | Bought a scroll of identify for 28 gold pieces
  1656 | D:2      | Bought a scroll of identify for 28 gold pieces
  1705 | D:2      | Identified 4 scrolls of acquirement
  1705 | D:2      | Acquired a +2 buckler of poison resistance
  1717 | D:2      | Acquired a +0 broad axe of distortion
  1719 | D:2      | Acquired the +8 chain mail of Wu Jian's Whim {Stlth+}
  1731 | D:2      | Acquired the amulet of the Toothy God {Spirit Dex+2}
  1886 | D:3      | Identified the +3 short sword of the Manifold Quests
                  | {flame, rElec Int+5}
  1971 | D:3      | Reached skill level 6 in Axes
  1978 | D:3      | Reached XP level 6. HP: 40/53 MP: 4/6
  2042 | D:3      | Found an iron altar of Okawaru.
  2185 | D:3      | Found a faded altar of an unknown god.
  2403 | D:3      | Identified the +2 robe of Binutifa {rPois Dex+5}
  2784 | D:4      | Reached skill level 7 in Axes
  2800 | D:4      | Killed from afar by an orc priest

Illustrated notes

Levels and vault maps discovered:
D:1:      dpeg_arrival_boxes_within_box, layout_basic
D:2:      layout_loops_ring, serial_shops, shop, nicolae_kite_square_tiling_tiny
D:3:      layout_rooms, okawaru_metal_pillars_3, ebering_ecumenical_altar_rust
D:4:      layout_basic, minmay_temple_entry_overgrown, ebering_ghost_sewer_d,
          minmay_manual_monstrance, uniq_blork_the_orc

Skill      XL: |  1  2  3  4  5  6 |
---------------+-------------------+-----
Axes           | 3 4 5 6 7 |  7.0
Fighting       | 4 |  4.6
Armour         | 4 |  4.5
Dodging        | |  0.7
Stealth        | |  0.1
Shields        | |  3.8

Action                     |  1- 3 |  4- 6 || total
---------------------------+-------+-------++-------
  Melee: War axe           |    73 |    11 ||    84
         Broad axe         |       |    71 ||    71
    Use: Scroll            |       |     4 ||     4
 Armour: Scale mail        |    41 |     3 ||    44
         Chain mail        |       |    56 ||    56
  Dodge: Dodged            |    40 |    27 ||    67
  Block: Buckler           |    19 |    24 ||    43

Table legend: (Time is in decaauts)
 A = Elapsed time spent in this place.
 B = Non-inter-level travel time spent in this place.
 C = Inter-level travel time spent in this place.
 D = Time resting spent in this place.
 E = Time spent auto-exploring this place.
 F = Levels seen in this place.
 G = Mean time per level.
                   A        B        C        D        E       F      G
               +--------+--------+--------+--------+--------+-----+--------+
         Total |   2854 |   2611 |    243 |      0 |   2113 |   4 |  713.5 |
       Dungeon |   2854 |   2611 |    243 |      0 |   2113 |   4 |  713.5 |
               +--------+--------+--------+--------+--------+-----+--------+

Top non-repeatable levels by time:
     D:1: 991 daAuts
     D:2: 833 daAuts
     D:3: 672 daAuts
     D:4: 357 daAuts
